 Dungeon Crawl Stone Soup version 0.30-b1-2-g02819fbbbe (webtiles) character file.

Game seed: 13512753822448285944

4720 Gartch the Destroyer (level 10, -2/84 HPs)
             Began as a Pale Draconian Conjurer on Nov 29, 2023.
             Was an Initiate of Vehumet.
             Slain by a komodo dragon (9 damage)
             ... on level 1 of the Lair of Beasts on Nov 30, 2023.
             The game lasted 01:22:18 (12794 turns).

Gartch the Destroyer (Pale Draconian Conjurer)     Turns: 12794, Time: 01:22:19

Health: -2/84      AC:  7    Str: 16    XL:     10   Next: 22%
Magic:  7/22       EV: 13    Int: 23    God:    Vehumet [......]
Gold:   523        SH:  0    Dex:  9    Spells: 15/25 levels left

rFire   . . .        l - +5 woodcutter's axe
rCold   + . .        (shield currently unavailable)
rNeg    . . .        (body armour unavailable)
rPois   .            (helmet restricted)
rElec   .            (no cloak)
rCorr   .            (no gloves)
SInv    .            (no boots)
Will    .....        (no amulet)
Stlth   ++           o - +6 ring of strength
HPRegen 0.34/turn    D - ring of protection from cold
MPRegen 0.18/turn

%: no passive effects
@: no status effects
A: breathe steam, AC +7, unfitting armour, cold-blooded, steam resistance
a: Breathe Steam, Renounce Religion


You were on level 1 of the Lair of Beasts.
You worshipped Vehumet.
Vehumet was noncommittal.
You visited 3 branches of the dungeon, and saw 10 of its levels.
You also visited: Ossuary.

You collected 523 gold pieces.

Inventory:

Hand Weapons
 k - a +2 dagger of draining
 l - the +5 woodcutter's axe (weapon)
   (You found it on level 2 of the Dungeon)
Jewellery
 i - a +6 ring of dexterity
 o - a +6 ring of strength (left hand)
 D - a ring of protection from cold (right hand)
Wands
 m - a wand of polymorph (2)
 q - a wand of roots (12)
 v - a wand of acid (12)
 J - a wand of charming (7)
Scrolls
 d - a scroll of brand weapon
 e - 7 scrolls of teleportation
 h - 2 scrolls of poison {unknown}
 j - 2 scrolls of immolation {unknown}
 p - 2 scrolls of summoning
 s - 2 scrolls of enchant armour {unknown}
 t - a scroll of torment {unknown}
 u - 2 scrolls of fog {unknown}
 w - a scroll of vulnerability {unknown}
 x - 2 scrolls of magic mapping {unknown}
 y - a scroll of enchant weapon {unknown}
 A - 2 scrolls of amnesia
 F - 2 scrolls of blinking {unknown}
 H - a scroll of silence {unknown}
Potions
 a - 2 potions of magic
 b - 8 potions of curing
 c - 4 potions of heal wounds
 f - 3 potions of haste
 g - a potion of flight
 n - a potion of brilliance
 r - 2 potions of attraction
 z - a potion of berserk rage
 B - 2 potions of resistance
 C - a potion of invisibility {unknown}
 E - a potion of ambrosia {unknown}
 G - a potion of cancellation {unknown}
 I - a potion of mutation {unknown}


   Skills:
 + Level 6.5 Fighting
 + Level 5.8 Dodging
 - Level 1.7 Stealth
 * Level 8.3 Spellcasting
 - Level 9.0 Conjurations
 * Level 2.9 Hexes


You had 15 spell levels left.
You knew the following spells:

 Your Spells              Type           Power      Damage    Failure   Level
a - Magic Dart            Conj           100%       1d8       1%          1
b - Searing Ray           Conj           100%       2d8       1%          2
c - Dazzling Flash        Conj/Hex       72%        N/A       1%          3
d - Fulminant Prism       Conj/Hex       18%        3d10      6%          4

Your spell library contained the following spells:

 Spells                   Type           Power      Damage    Failure   Level
 Iskenderun's Mystic Bla  Conj/Tloc      30%        2d8       11%         4


Dungeon Overview and Level Annotations

Branches:
Dungeon (8/15)             Temple (1/1) D:4            Lair (1/5) D:8
Ossuary (visited)

Altars:
Ashenzari
Cheibriados
Dithmenos
Elyvilon
Fedhas
Gozag
Hepliaklqana
Kikubaaqudgha
Makhleb
Nemelex Xobeh
Okawaru
Qazlal
Ru
Sif Muna
Trog
Uskayaw
Vehumet
Wu Jian
Xom
Yredelemnul
Zin
The Shining One

Annotations:
D:8 3 runed translucent doors, exclusion: two-headed ogre, diceflayer's ghost, amateur DsGl


Innate Abilities, Weirdness & Mutations

You can breathe blasts of scalding, opaque steam.
Your pale cyan-grey scales are hard. (AC +7)
You cannot fit into any form of body armour.
You are cold-blooded and may be slowed by cold attacks.
You are immune to the effects of steam.


Message History

Press: ? - help, Shift-Dir - straight line, f/p - komodo dragon
Aim: a komodo dragon (heavily wounded, 87% to hit)
The searing ray misses the komodo dragon. (Press . to maintain the ray.)
The komodo dragon barely misses you.
The searing ray hits the komodo dragon.
The komodo dragon is heavily wounded.
The komodo dragon hisses menacingly.
The komodo dragon bites you!
The searing ray hits the komodo dragon.
The komodo dragon is severely wounded.
The komodo dragon bites you!!
The searing ray hits the komodo dragon.
The komodo dragon is severely wounded.
You finish channelling your searing ray.
The komodo dragon bites you!
Casting: Searing Ray (safe; 1% risk of failure)
Confirm with . or Enter, or press ? or * to list all spells.
Aiming: Searing Ray (safe; 1% risk of failure)
Press: ? - help, Shift-Dir - straight line, f/p - komodo dragon
Aim: a komodo dragon (severely wounded, 87% to hit)
The searing ray hits the komodo dragon!
The komodo dragon is almost dead. (Press . to maintain the ray.)
The komodo dragon bites you but does no damage.
The searing ray hits the komodo dragon.
The komodo dragon is almost dead.
The komodo dragon bites you.
The searing ray hits the komodo dragon but does no damage.
The komodo dragon is almost dead.
The komodo dragon bites you!!
* * * LOW HITPOINT WARNING * * *
Okay, then.
Okay, then.
Unknown command.
The searing ray hits the komodo dragon.
The komodo dragon is almost dead.
You finish channelling your searing ray.
The komodo dragon bites you!
You die...

#..........#
...........# ...
..^........# ...
..........## ....
...P......###
.....
#........###.....
#................
#................
#........@l......
#........##......
##........# .....
#....†.#..# ....
##...†<#### ...
#.....# ..
#.....# . #######


You could see a komodo dragon.

Vanquished Creatures
  A wyvern (D:8)
  5 yaks
  Eustachio (D:4)
  2 water moccasins (D:8)
  2 orc warriors
  An ogre (D:4)
  4 ice beasts
  A sky beast (D:6)
  A black bear (D:6)
  2 centaurs
  2 kobold brigands (D:8)
  4 bullfrogs
  4 elf zombies (Ossuary)
  A gnoll sergeant (D:2)
  9 wights
  A howler monkey (D:5)
  5 hounds
  6 centaur zombies (Ossuary)
  A jelly (D:5)
  4 orc priests
  2 human zombies (Ossuary)
  Ijyb (D:3)
  7 iguanas
  7 orc wizards
  3 mummies (Ossuary)
  3 adders
  12 gnolls
  A shadow imp (D:7)
  2 white imps (D:5)
  3 ufetubi
  2 worms (D:2)
  3 dart slugs
  29 orcs
  7 bats
  7 endoplasms
  A giant cockroach (D:2)
  6 goblins
  9 hobgoblins
  3 jackals (D:1)
  18 kobolds
  A quokka (D:4)
  7 ball pythons
  2 frilled lizards
  4 rats
197 creatures vanquished.

Vanquished Creatures (others)
  3 fungi (D:6)
3 creatures vanquished.

Grand Total: 200 creatures vanquished

Notes
Turn   | Place    | Note
-------+----------+-------------------------------------------
     0 | D:1      | Gartch the Draconian Conjurer began the quest for the Orb.
     0 | D:1      | Reached XP level 1. HP: 14/14 MP: 3/3
   214 | D:1      | Reached XP level 2. HP: 22/22 MP: 0/5
   434 | D:1      | Learned a level 2 spell: Searing Ray
   714 | D:1      | Reached skill level 1 in Fighting
  1235 | D:2      | Reached XP level 3. HP: 28/28 MP: 1/6
  2161 | D:2      | Reached XP level 4. HP: 35/35 MP: 2/8
  2409 | D:2      | Noticed a gnoll sergeant
  2409 | D:2      | Found the +5 woodcutter's axe
  2446 | D:2      | Killed a gnoll sergeant
  2447 | D:2      | Reached XP level 5. HP: 31/41 MP: 1/9
  2959 | D:3      | Noticed Ijyb
  2987 | D:3      | Killed Ijyb
  2988 | D:3      | Reached skill level 5 in Conjurations
  3631 | D:4      | Found a staircase to the Ecumenical Temple.
  3654 | D:4      | Noticed Eustachio
  3670 | D:4      | Found a sand-covered staircase.
  3678 | Ossuary  | Entered an ossuary
  3767 | Ossuary  | Reached XP level 6. HP: 48/49 MP: 7/11
  4153 | Ossuary  | Your scales start taking on a pale cyan-grey colour.
  4153 | Ossuary  | Reached XP level 7. HP: 53/57 MP: 1/13
  4153 | Ossuary  | Gained mutation: You are immune to the effects of steam.
                  | [Pale Draconian growth]
  4159 | Ossuary  | Reached skill level 6 in Conjurations
  4541 | D:4      | Killed Eustachio
  4542 | D:4      | Reached skill level 5 in Spellcasting
  4673 | Temple   | Entered the Ecumenical Temple
  5841 | D:4      | Reached XP level 8. HP: 52/66 MP: 6/16
  5959 | D:5      | Entered Level 5 of the Dungeon
  6415 | D:5      | Reached skill level 7 in Conjurations
  7581 | D:6      | Found an ancient bone altar of Kikubaaqudgha.
  7818 | D:6      | Found a sparkling altar of Nemelex Xobeh.
  8019 | D:6      | Noticed a +0 spear
  8019 | D:6      | Noticed a +0 short sword
  8019 | D:6      | Noticed a +0 spear
  8021 | D:6      | Noticed a +0 falchion
  8021 | D:6      | Noticed a +0 dagger
  8030 | D:6      | Noticed a +0 dagger
  8031 | D:6      | Noticed a +0 short sword
  8042 | D:6      | Reached skill level 5 in Fighting
  8042 | D:6      | Reached XP level 9. HP: 74/74 MP: 12/18
  8106 | D:6      | Reached skill level 8 in Conjurations
  8189 | D:6      | Found a hide-covered altar of Uskayaw.
  8189 | D:6      | Noticed a +0 falchion
  9487 | D:7      | Reached skill level 5 in Dodging
 10230 | D:8      | Found a runed translucent gate.
 10230 | D:8      | Found a runed translucent gate.
 10484 | D:8      | Found a runed translucent gate.
 10485 | D:8      | Found a radiant altar of Vehumet.
 10646 | D:8      | Noticed diceflayer's ghost (amateur DsGl)
 10663 | D:8      | Found a staircase to the Lair.
 10708 | D:8      | Reached skill level 9 in Conjurations
 10712 | D:8      | Learned a level 3 spell: Dazzling Flash
 10717 | D:8      | Learned a level 4 spell: Fulminant Prism
 10944 | D:8      | Reached skill level 1 in Hexes
 11271 | D:8      | Found a hazy altar of Hepliaklqana.
 11274 | D:8      | Found a glowing golden altar of the Shining One.
 11339 | D:8      | Found a sacrificial altar of Ru.
 11391 | D:8      | Became a worshipper of Vehumet
 11523 | D:8      | Reached XP level 10. HP: 61/83 MP: 11/21
 11681 | D:8      | Noticed a two-headed ogre
 11819 | Lair:1   | Entered Level 1 of the Lair of Beasts
 12794 | Lair:1   | Slain by a komodo dragon

Illustrated notes

Levels and vault maps discovered:
D:1:      mrwooster_arrival_statue, layout_loops_ring
D:2:      minmay_spotlight, layout_loops_ring, pf_guarded_unrand_woodcutter
D:3:      layout_basic, uniq_ijyb
D:4:      layout_basic, minmay_temple_entry_junction_2,
          nicolae_ossuary_entry_plus, uniq_eustachio
D:5:      layout_gridville, minmay_fractal_squares_gapless_5
D:6:      layout_cave_pods, mainiacjoe_overflow_cross_hatched,
          kiku_gazebo_garden_becter, nicolae_uskayaw_en_pointe,
          nicolae_benzene_ring
D:7:      layout_gridville, chequers_serial_rivers_small_a, hex_tiny,
          hangedman_decor_push
D:8:      minmay_the_grid_octo_tiled_squarecenter
          [minmay_the_grid_octo_thin_diamonds, minmay_the_grid_octo_77,
          minmay_the_grid_octo_horde, minmay_the_grid_octo_concentric,
          minmay_the_grid_square_5x5_megaprize_checkered,
          minmay_the_grid_square_5x5_three, minmay_the_grid_square_5x5_minimal,
          minmay_the_grid_square_5x5_empty, minmay_the_grid_square_5x5_slash],
          layout_rooms, mainiacjoe_overflow_six_doors_small,
          nicolae_overflow_hidden_temple, mainiacjoe_overflow_brackets,
          gammafunk_ghost_necromancy, serial_park_tiny_pond,
          minmay_misc_feat_four_crosses
Temple:   eino_wide_crystal_templ
Lair:1:   layout_hall_layers, gammafunk_ghost_split

Skill      XL: |  1  2  3  4  5  6  7  8  9 10 |
---------------+-------------------------------+-----
Dodging        | 2 3 4 5 |  5.8
Fighting       | 1 2 3 5 6 |  6.5
Spellcasting   | 3 4 5 6 7 8 |  8.3
Conjurations   | 5 6 7 9 |  9.0
Hexes          | 1 2 |  2.9
Stealth        | |  1.7

Action                     |  1- 3 |  4- 6 |  7- 9 | 10-12 || total
---------------------------+-------+-------+-------+-------++-------
  Melee: Short sword       |    11 |       |       |       ||    11
         Tailslap          |     1 |     5 |     3 |       ||     9
         Battleaxe         |       |    39 |    42 |       ||    81
         Unarmed           |       |     7 |       |       ||     7
   Cast: Magic Dart        |    49 |    32 |   142 |     7 ||   230
         Searing Ray       |    13 |    17 |    87 |    19 ||   136
         Dazzling Flash    |       |       |       |     1 ||     1
Ability: Breathe Steam     |       |       |     1 |       ||     1
    Use: Scroll            |       |     9 |     6 |       ||    15
         Potion            |       |       |     1 |     2 ||     3
   Stab: Sleeping          |     3 |     1 |     2 |       ||     6
 Armour: Skin              |    11 |    34 |    65 |    12 ||   122
  Dodge: Dodged            |    18 |    55 |    93 |    25 ||   191
